 Dungeon Crawl Stone Soup version 0.17-a0-2127-g1cb09f6 (webtiles) character file.

197 tp1 the Magician (level 5, 0/28 HPs)
             Began as a Deep Elf Conjurer on Oct 23, 2015.
             Shot with an arrow by a centaur (7 damage)
             ... on level 5 of the Dungeon.
             The game lasted 00:11:27 (2983 turns).

tp1 the Magician (Deep Elf Conjurer)                Turns: 2983, Time: 00:11:27

Health: 0/28       AC:  3    Str:  5    XL:     5   Next: 46%
Magic:  14/16      EV:  8    Int: 21    God:
Gold:   138        SH:  0    Dex: 20    Spells: 4 memorised, 9 levels left

rFire  . . .     SeeInvis .     f - +2 short sword (freeze)
rCold  . . .     Clarity  .     a - +0 robe
rNeg   . . .     SustAt   .     (no shield)
rPois  .         Gourm    .     s - +0 helmet
rElec  .         Spirit   .     (no cloak)
rCorr  .         Warding  .     (no gloves)
rMut   .         Stasis   .     (no boots)
MR     .....                    (no amulet)
Stlth  ++........               (no ring)
                                o - +5 ring of dexterity

@: not resistant to hostile enchantments, unstealthy
A: no striking features
a: no special abilities


You were on level 5 of the Dungeon.
You were not hungry.

You visited 1 branch of the dungeon, and saw 5 of its levels.

You collected 138 gold pieces.

Inventory:

Hand Weapons
 f - a +2 short sword of freezing (weapon)
Armour
 a - a +0 robe (worn)
 s - a +0 helmet (worn)
Jewellery
 o - a +5 ring of dexterity (left hand)
Scrolls
 i - a scroll of teleportation {unknown}
 m - a scroll of enchant armour {unknown}
 n - 2 scrolls of identify {unknown}
 r - a scroll of remove curse {unknown}
Potions
 e - 2 potions of heal wounds {unknown}
 g - a potion of flight {unknown}
 h - a potion of curing {unknown}
 j - 2 potions of degeneration {unknown}
 k - a potion of magic {unknown}
Books
 b - a book of Conjurations

   Spells                             Type                      Level
   a - Magic Dart                     Conjuration                  1
   b - Searing Ray                    Conjuration                  2
   c - Dazzling Spray                 Conjuration/Hexes            3
   d - Fulminant Prism                Conjuration/Hexes            4
   e - Iskenderun's Mystic Blast      Conjuration                  4
   f - Iskenderun's Battlesphere      Conjuration/Charms           5
 l - a book of Party Tricks

   Spells                             Type                      Level
   a - Summon Butterflies             Summoning                    1
   b - Apportation                    Translocation                1
   c - Tukima's Dance                 Hexes                        3
   d - Alistair's Intoxication        Transmutation/Poison         4
   e - Invisibility                   Hexes                        6
Comestibles
 c - a bread ration
 d - 2 slices of pizza
 p - a meat ration


   Skills:
 - Level 2.4 Dodging
 - Level 2.4 Stealth
 - Level 7.2 Spellcasting
 - Level 5.0 Conjurations
 + Level 0.0 Charms


You had 9 spell levels left.
You knew the following spells:

 Your Spells              Type           Power        Failure   Level  Hunger
a - Magic Dart            Conj           ####         1%          1    None
b - Searing Ray           Conj           ####..       1%          2    None
c - Summon Butterflies    Summ           #.......     12%         1    None
d - Iskenderun's Battles  Conj/Chrm      ###.....     87%         5    #####..


Dungeon Overview and Level Annotations

Branches:
Dungeon (6/15)
 Temple: D:4-7

Altars:

Shops:
D:5 }

Annotations:
D:5 Dowan, Duvessa
D:6 Eustachio


Message History

Confirm with . or Enter, or press ? or * to list all spells.
The giant frog hits you. The giant frog closely misses you.
You swap places.
The giant frog barely misses your butterfly.
You swap places.
The giant frog hits your butterfly.
Your butterfly dies!
There is a stone staircase leading up here.
Your butterfly disappears in a puff of smoke! x2
The giant frog misses your butterfly.
You climb upwards.
Your summoned ally is left behind.
Level annotation: Dowan, Duvessa The adder skeleton bites you.
The centaur shoots an arrow.
The arrow completely misses you.
There is a stone staircase leading down here.
You see here 2 arrows.
The adder skeleton bites you.
* * * LOW HITPOINT WARNING * * *
Dowan points at Duvessa and mumbles some strange words.
Duvessa seems to speed up.
The centaur shoots an arrow.
The arrow hits you!
You die...

###...∩###
##.......Z##
#...........
#......#e. .
#...........
#..c...#....
#.......%..)
#.Z@.#
######


You could see Dowan, a centaur, a quokka zombie (wandering) and an adder
skeleton.

Vanquished Creatures
  2 hounds (D:6)
  Terence (D:3)
  4 adders
  A worm (D:2)
  5 giant geckos
  An orc (D:3)
  A ball python (D:2)
  8 bats
  5 giant cockroaches
  4 hobgoblins
  7 jackals
  3 quokkas
  A giant newt (D:2)
  8 goblins
  8 kobolds
  6 rats
65 creatures vanquished.

Notes
Turn   | Place    | Note
--------------------------------------------------------------
     0 | D:1      | tp1 the Deep Elf Conjurer began the quest for the Orb.
     0 | D:1      | Reached XP level 1. HP: 10/10 MP: 6/6
   421 | D:1      | Reached XP level 2. HP: 15/15 MP: 6/8
   481 | D:1      | Reached skill level 5 in Conjurations
   485 | D:1      | Learned a level 2 spell: Searing Ray
  1785 | D:1      | Reached XP level 3. HP: 19/19 MP: 8/10
  2043 | D:2      | Reached skill level 5 in Spellcasting
  2186 | D:2      | Reached XP level 4. HP: 24/24 MP: 10/13
  2260 | D:2      | You fall through a shaft!
  2501 | D:3      | Noticed Terence
  2508 | D:3      | Killed Terence
  2508 | D:3      | Reached skill level 6 in Spellcasting
  2580 | D:3      | Learned a level 1 spell: Summon Butterflies
  2693 | D:3      | You fall through a shaft for 3 floors!
  2706 | D:5      | Entered Level 5 of the Dungeon
  2706 | D:5      | Found Ongad's Gadget Shoppe.
  2706 | D:5      | Noticed Dowan
  2706 | D:5      | Noticed Duvessa
  2706 | D:5      | Noticed a centaur
  2713 | D:6      | Reached XP level 5. HP: 11/28 MP: 5/16
  2720 | D:6      | Learned a level 5 spell: Iskenderun's Battlesphere
  2749 | D:6      | Reached skill level 7 in Spellcasting
  2764 | D:6      | Noticed Eustachio
  2983 | D:5      | Shot with an arrow by a centaur

Vault maps used:
D:1:      dpeg_arrival_subterranean_lakeside_camping
D:2:      first_bread
D:3:      good_gods_mini_temple, nicolae_overflow_hidden_temple,
          kennysheep_generic_room_10, uniq_terence, uniq_sigmund
D:5:      overflow_temple_1_default, minitemple, serial_shops, shop,
          minivault_24, uniq_menkaure, uniq_duvessa
D:6:      evilmike_ruin_ashenzari, gup_sewer_entry_bubbles, uniq_grinder,
          uniq_eustachio, uniq_edmund

Action                   |  1- 3 |  4- 6 || total
-------------------------+-------+-------++-------
Melee: Short sword       |    12 |     3 ||    15
 Cast: Magic Dart        |    63 |    45 ||   108
       Searing Ray       |     4 |     4 ||     8
       Summon Butterflie |       |     7 ||     7
 Stab: Sleeping          |     1 |       ||     1
  Eat: Chunk             |     4 |     2 ||     6
